 Dungeon Crawl Stone Soup version 0.30.0-5-g1a98f26d00 (webtiles) character file.

Game seed: 12862893467680638039

818 dialectric the Covert (level 7, 0/36 HPs)
             Began as a Spriggan Delver on May 8, 2023.
             Was a Follower of Dithmenos.
             Slain by a gnoll
             ... wielding a +0 club
             ... led by a gnoll bouda
              (3 damage)
             ... on level 6 of the Dungeon.
             The game lasted 00:13:25 (4101 turns).

dialectric the Covert (Spriggan Delver)             Turns: 4101, Time: 00:13:26

Health: 0/36       AC: -2    Str: 14    XL:     7   Next: 62%
Magic:  8/8        EV: 19    Int: 18    God:    Dithmenos [*.....]
Gold:   305        SH:  0    Dex: 18    Spells: 5/6 levels left

rFire   . . .        a - +1 short sword
rCold   . . .        (no shield)
rNeg    . . .        b - +0 robe
rPois   .            (helmet restricted)
rElec   .            x - scarf {shadows}
rCorr   .            (gloves unavailable)
SInv    +            (boots unavailable)
Will    +....        (no amulet)
Stlth   +++++++      h - +6 ring of intelligence
HPRegen 0.26/turn    w - +6 ring of strength
MPRegen 0.11/turn

%: no passive effects
@: weakened, corroded, wreathed by umbra, very quick
A: very small, no large weapons, unfitting armour, see invisible, speed 3
a: Renounce Religion


You were on level 6 of the Dungeon.
You worshipped Dithmenos.
Dithmenos was aware of your devotion.
You visited 2 branches of the dungeon, and saw 8 of its levels.

You collected 305 gold pieces.

Inventory:

Hand Weapons
 a - a +1 short sword (weapon)
Armour
 b - a +0 robe (worn)
 s - a +0 buckler
 x - a scarf of shadows (worn)
Jewellery
 e - a ring of resist corrosion
 h - a +6 ring of intelligence (left hand)
 p - a ring of fire
 w - a +6 ring of strength (right hand)
Wands
 g - a wand of digging (2)
 q - a wand of polymorph (7)
Scrolls
 c - a scroll of fog
 d - 2 scrolls of magic mapping
 i - 3 scrolls of blinking
 j - 6 scrolls of identify
 l - 3 scrolls of teleportation
 n - a scroll of amnesia {unknown}
 r - a scroll of noise {unknown}
 u - 2 scrolls of enchant weapon
Potions
 f - a potion of haste
 k - 4 potions of attraction
 m - a potion of brilliance {unknown}
 o - a potion of might {unknown}
 t - 2 potions of degeneration {unknown}
 v - a potion of curing {unknown}
 z - a potion of berserk rage {unknown}


   Skills:
 - Level 3.0 Fighting
 - Level 4.4 Short Blades
 - Level 1.2 Throwing
 - Level 4.0 Dodging
 + Level 12.8 Stealth
 + Level 0.6 Evocations


You had 5 spell levels left.
You knew the following spells:

 Your Spells              Type           Power      Damage    Failure   Level
a - Shock                 Conj/Air       0%         1d3       22%         1

Your spell library contained the following spells:

 Spells                   Type           Power      Damage    Failure   Level
 Beastly Appendage        Tmut           0%         N/A       22%         1
 Wereblood                Tmut           0%         N/A       32%         2
 Spider Form              Tmut/Pois      0%         N/A       54%         3
 Swiftness                Air            0%         N/A       54%         3
 Airstrike                Air            0%         2d(0-16)  91%         4


Dungeon Overview and Level Annotations

Branches:
Dungeon (7/15)             Temple (1/1) D:4

Altars:
Ashenzari
Cheibriados
Dithmenos
Elyvilon
Fedhas
Gozag
Kikubaaqudgha
Makhleb
Nemelex Xobeh
Okawaru
Qazlal
Ru
Sif Muna
Trog
Uskayaw
Wu Jian
Xom
Yredelemnul
Zin
The Shining One

Shops:
D:4 :   D:6 =   D:7 :

Annotations:
D:3 Natasha


Innate Abilities, Weirdness & Mutations

You are very small and have problems with some larger weapons.
You are too small for most types of armour.
You have supernaturally acute eyesight. (SInv)
You cover ground extremely quickly. (Speed+++)


Message History

Unknown command.
You closely miss the orc priest.
The orc priest is almost dead.
The orc priest misses you. The orc closely misses you.
The scorpion barely misses you.
Unknown command.
Unknown command.
You hit the orc priest.
You kill the orc priest!
Dithmenos accepts your kill. The orc closely misses you.
The scorpion closely misses you.
Things that are here:
a +0 club; an orc corpse Unknown command.
The scorpion barely misses you.
Unknown command.
There is an open gate here.
There is a stone staircase leading up here.
You start resting.
A scorpion is nearby!
You climb upwards.
The gnoll shouts!
The gnoll bouda shouts!
The gnoll shouts!
You hear an angry hiss.
The gnoll bouda gazes fiercely through you!
You feel your attacks grow feeble. The gnoll hits you with a +0 flail!
The gnoll bouda barks out a call to the hunt!
The gnolls pick up the pace!
The jelly hits you. The acid corrodes you!
You are splashed with acid!
The gnoll hits you with a +0 club.
There is a stone staircase leading down here.
Unknown command.
The gnoll barely misses you. The gnoll misses you.
The gnoll closely misses you. The gnoll bouda closely misses you.
The jelly hits you.
* * * LOW HITPOINT WARNING * * *
You are splashed with acid!
* * * LOW HITPOINT WARNING * * *
The gnoll hits you with a +0 club.
You die...

##### #...# ##..### # ##########
#....##### ##..........##
####..#... ##..........gg##
#....## # #...........g@g#
##..###.
####............Jg########.......
J................................
####............S.########....###
# #...........(g...# #....##.###
# ##............S..# #.#####....
# ##.....?........###.# ####. #
###.####...g..##..# #.
..#######...g........#S## ##


You could see a water moccasin, a gnoll bouda, a jelly, 5 gnolls and an adder.

Vanquished Creatures
  A black bear (D:5)
  A bullfrog (D:7)
  2 scorpions
  A killer bee (D:6)
  A howler monkey (D:5)
  A jelly (D:7)
  5 hounds
  An orc priest (D:7)
  An orc wizard (D:7)
  3 iguanas
  4 adders (D:2)
  3 shadow imps
  A white imp (D:7)
  A worm (D:2)
  2 dart slugs (D:2)
  10 orcs
  5 ball pythons
  An endoplasm (D:2)
  4 giant cockroaches
  6 goblins
  6 hobgoblins
  9 jackals
  3 quokkas
  4 bats
  2 frilled lizards
  2 kobolds
  3 rats
83 creatures vanquished.

Notes
Turn   | Place    | Note
-------+----------+-------------------------------------------
     0 | D:5      | dialectric the Spriggan Delver began the quest for the Orb.
     0 | D:5      | Reached XP level 1. HP: 11/11 MP: 2/2
    67 | D:5      | Noticed a hound
    69 | D:5      | Reached XP level 2. HP: 16/16 MP: 3/3
    80 | D:5      | Reached skill level 8 in Stealth
    80 | D:5      | Reached XP level 3. HP: 19/19 MP: 4/4
   182 | D:6      | Noticed a water moccasin
   257 | D:4      | Found a staircase to the Ecumenical Temple.
   264 | Temple   | Entered the Ecumenical Temple
   275 | Temple   | Became a worshipper of Dithmenos the Shadowed
   314 | D:4      | Noticed a phantom
   327 | D:4      | Reached skill level 9 in Stealth
   327 | D:4      | Reached XP level 4. HP: 22/23 MP: 5/5
   354 | D:4      | Noticed a scorpion
   362 | D:4      | Killed a scorpion
   363 | D:4      | Reached XP level 5. HP: 28/28 MP: 6/6
   435 | D:3      | Found a shimmering blue altar of Sif Muna.
   435 | D:3      | Found a sparkling altar of Nemelex Xobeh.
   494 | D:3      | Found a sacrificial altar of Ru.
   495 | D:3      | Noticed Natasha
   596 | D:4      | Found Quawon's Book Emporium.
   762 | D:2      | Found a blossoming altar of Fedhas.
   765 | D:2      | Reached skill level 10 in Stealth
   988 | D:3      | Reached * piety under Dithmenos
  1900 | D:5      | Reached XP level 6. HP: 27/32 MP: 7/7
  2064 | D:5      | Reached skill level 11 in Stealth
  2268 | D:5      | Reached XP level 7. HP: 32/36 MP: 8/8
  2421 | D:5      | Reached ** piety under Dithmenos
  2656 | D:4      | a killer bee changed into a hornet
  2656 | D:4      | Noticed a hornet
  3124 | D:6      | Found Uniunlagg's Jewellery Shop.
  3199 | D:6      | Learned a level 1 spell: Shock
  3285 | D:6      | Identified the amulet of the Endless Ziggurats {Reflect
                  | -Tele rElec rN+ Int+9 SH+5}
  3342 | D:7      | Reached skill level 12 in Stealth
  3440 | D:7      | Found Beqeziukun's Book Shoppe.
  3492 | D:7      | Reached skill level 1 in Throwing
  4101 | D:6      | Slain by a gnoll

Illustrated notes

Levels and vault maps discovered:
D:1:      dpeg_arrival_orchard, layout_basic, hex_intersection, minmay_quantized
D:2:      layout_rooms, basic_altar
D:3:      layout_loops_ring, nicolae_ru_great_annihilating_truth,
          gammafunk_temple_overflow_pools, uniq_natasha
D:4:      layout_basic, minmay_temple_entry_junction, serial_shops, shop
D:5:      layout_basic
D:6:      layout_rooms, serial_shops, nicolae_shop_hallway_plus, uniq_pikel
D:7:      layout_cave_pods, kennysheep_windowed_goal
Temple:   sentei_temple_godly_chess

Skill      XL: |  1  2  3  4  5  6  7 |
---------------+----------------------+-----
Stealth        | 8 9 10 11 12 | 12.8
Dodging        | 3 4 |  4.0
Fighting       | 3 |  3.0
Short Blades   | 3 4 |  4.4
Throwing       | 1 |  1.2
Evocations     | |  0.6

Action                     |  1- 3 |  4- 6 |  7- 9 || total
---------------------------+-------+-------+-------++-------
  Melee: Short sword       |    11 |   166 |   108 ||   285
         Punch             |       |     1 |     2 ||     3
  Throw: Dart              |       |     6 |       ||     6
 Invoke: Shadow Step       |       |       |     1 ||     1
  Evoke: Wand              |       |     1 |     3 ||     4
    Use: Scroll            |       |     3 |     2 ||     5
         Potion            |       |       |     1 ||     1
   Stab: Sleeping          |     5 |    25 |    10 ||    40
         Distracted        |       |     1 |     1 ||     2
         Paralysed         |       |     1 |       ||     1
 Armour: Robe              |       |     5 |     8 ||    13
  Dodge: Dodged            |     6 |   127 |   119 ||   252
